 Dungeon Crawl Stone Soup version 0.19.1 (webtiles) character file.

30711 Leibowitz the Spear-Bearer (level 12, -13/106 HPs)
             Began as a Demigod Gladiator on Nov 26, 2016.
             Mangled by an orc warrior
             ... wielding a +0 glaive
             ... led by an orc knight
              (28 damage)
             ... on level 1 of the Orcish Mines.
             The game lasted 01:04:39 (22351 turns).

Leibowitz the Spear-Bearer (Demigod Gladiator)     Turns: 22351, Time: 01:04:39

Health: -13/106    AC: 16    Str: 22    XL:     12   Next: 92%
Magic:  0/18       EV: 17    Int: 17    God:
Gold:   1726       SH:  0    Dex: 22    Spells: 1 memorised, 14 levels left

rFire  . . .     SeeInvis .     a - +1 trident (venom)
rCold  . . .     Gourm    .     I - +6 scale mail "Qiptommy" {Str+2 Int+5}
rNeg   . . .     Faith    .     (no shield)
rPois  .         Spirit   +     c - +0 helmet
rElec  .         Reflect  .     x - +0 cloak {MR+}
rCorr  .         Harm     .     (no gloves)
MR     ++...     Rnd*Tele +     (no boots)
Stlth  ++........               r - amulet of guardian spirit
                                h - ring of teleportation (curse)
                                J - +2 ring of slaying

@: about to teleport
A: high mp 1
a: no special abilities


You were on level 1 of the Orcish Mines.
You were not hungry.

You visited 3 branches of the dungeon, and saw 16 of its levels.
You also visited: Labyrinth.

You collected 1726 gold pieces.

Inventory:

Hand Weapons
 a - a +1 trident of venom (weapon)
 n - the +3 bardiche of Dividends {flame, MP+9 Str-3 Dex+6 SInv}
   (You found it on level 7 of the Dungeon)

   It has been specially enchanted to burn those struck by it, causing extra
   injury to most foes and up to half again as much damage against particularly
   susceptible opponents.
   Big, fiery blades are also staple armaments of hydra-hunters.
   It affects your strength (-3).
   It affects your dexterity (+6).
   It affects your magic capacity (+9).
   It lets you see invisible.
Missiles
 q - a throwing net (quivered)
 w - 6 javelins
Armour
 c - a +0 helmet (worn)
 d - a +1 cloak
 x - a +0 cloak of magic resistance (worn)
 I - the +6 scale mail "Qiptommy" (worn) {Str+2 Int+5}
   (You found it on level 10 of the Dungeon)

   It affects your strength (+2).
   It affects your intelligence (+5).
Jewellery
 h - a cursed ring of teleportation (right hand)
 r - an amulet of guardian spirit (around neck)
 C - an uncursed ring of resist corrosion
 G - an uncursed amulet of magic regeneration
 H - an uncursed ring of positive energy
 J - a +2 ring of slaying (left hand)
Wands
 e - a wand of lightning (6/15)
 m - a wand of lightning (9/15)
 o - a wand of lightning (6/15)
 s - a wand of disintegration (8/24)
 F - a wand of polymorph (5/24)
 M - a wand of iceblast (4/15)
Scrolls
 b - 6 scrolls of identify
 g - 3 scrolls of teleportation
 k - 2 scrolls of blinking
 l - a scroll of fog
 A - 4 scrolls of recharging
Potions
 i - 4 potions of brilliance
 t - a potion of haste
 z - a potion of magic
 E - 2 potions of flight
 K - 2 potions of might
 L - a potion of heal wounds
 O - 3 potions of agility
 P - 2 potions of curing
Books
 v - Bygh's Compendium of Protection and Flight
   (You found it on level 4 of the Lair of Beasts)

   Spells                             Type                      Level
   a - Summon Lightning Spire         Summoning/Air                4
   b - Iskenderun's Battlesphere      Conjuration/Charms           5
   c - Poisonous Cloud                Conjuration/Poison/Air       6
 B - a book of Conjurations

   Spells                             Type                      Level
   a - Magic Dart                     Conjuration                  1
   b - Searing Ray                    Conjuration                  2
   c - Dazzling Spray                 Conjuration/Hexes            3
   d - Fulminant Prism                Conjuration/Hexes            4
   e - Iskenderun's Mystic Blast      Conjuration                  4
   f - Iskenderun's Battlesphere      Conjuration/Charms           5
Comestibles
 f - 3 bread rations
 j - 8 slices of pizza
 p - 14 meat rations
 u - 10 fruits


   Skills:
 * Level 10.2 Fighting
 + Level 13.3 Polearms
 + Level 2.0 Throwing
 + Level 6.8 Armour
 * Level 9.1 Dodging
 + Level 5.0 Stealth
 + Level 2.1 Spellcasting
 + Level 2.2 Hexes
 + Level 1.0 Evocations


You had 14 spell levels left.
You knew the following spells:

 Your Spells              Type           Power        Failure   Level  Hunger
a - Confusing Touch       Hex            #.....       21%         1    #......


Dungeon Overview and Level Annotations

Branches:
Dungeon (10/15)            Temple (0/1) D:6            Lair (4/6) D:10
 Shoals (0/4) Lair:2        Snake (0/4) Lair:3          Orc (2/2) D:9
    Elf (0/3) Orc:2

Shops:
D:4 *%   Orc:1 }   Orc:2 !

Annotations:
D:6 TheSquall's ghost, novice MiBe


Innate Abilities, Weirdness & Mutations

You have an increased reservoir of magic. (+10% MP)


Message History

The orc warrior closely misses you.
You hit the orc knight.
The orc knight looks as sick as possible!
The orc knight is severely wounded.
You barely miss the orc knight.
The orc knight is severely wounded.
The orc warrior hits you from afar with a halberd!!
* * * LOW HITPOINT WARNING * * *
The orc knight hits you but does no damage.
The orc warrior hits you from afar with a glaive!
* * * LOW HITPOINT WARNING * * *
As you read the scroll of teleportation, it crumbles to dust.
You feel strangely unstable. The orc warrior misses you.
The orc knight hits you with a long sword.
* * * LOW HITPOINT WARNING * * *
You impale the orc knight!!
You kill the orc knight!
Your Stealth skill increases to level 5!
The orc warrior hits you from afar with a glaive!!
You die...

.....# #...# ##...##
.#... )...##
#...####.....##.#...
)...#
#...#..............
...##
#......##.......#
..##
##....##.#.....##
..###
##....##.........#
....##
#....####..#.#...#
.....##
##.#####oo.### ...
......# #...##@)o###
.. #....##
##.#.###...# .
...### ##...##...#
...# #...##.....
.>## ##...###.#....
..##
####......####...#
...# #....#.#....#
#.#. ..##
####....#.##..## ##
.##
##.#....#...#....


You could see 2 orc warriors and an orc.

Vanquished Creatures
  Snorg (Orc:2)
  A minotaur (Lab)
  3 hydras
  Erica (D:8)
  A fire crab (Lair:4)
  A hill giant (D:10)
  Pikel (D:6)
  An orc knight (Orc:1)
  A cyclops (Orc:1)
  A manticore (D:9)
  9 spiny frogs
  12 komodo dragons
  2 trolls
  A polar bear (Lair:3)
  A minotaur skeleton (Lab)
  2 dream sheep (D:8)
  4 blink frogs (Lair:4)
  5 hippogriffs
  Sigmund (D:4)
  14 yaks
  Eustachio (D:4)
  A wyvern (D:9)
  5 hungry ghosts (Lab)
  2 nagas (Lair:3)
  3 wargs (Orc:1)
  5 water moccasins
  12 porcupines
  A spectral hornet (D:10)
  A black bear (D:10)
  13 orc warriors
  11 ogres
  An ice beast (D:5)
  2 necrophages (D:10)
  3 phantoms
  11 wolves
  5 centaurs
  9 crocodiles
  3 big kobolds (D:8)
  13 bullfrogs
  A gnoll sergeant (D:10)
  2 scorpions
  A water moccasin skeleton (D:7)
  26 killer bees
  3 wights (D:9)
  4 howler monkeys
  3 electric eels
  12 crimson imps
  2 jellies
  2 hounds
  Crazy Yiuf (D:2)
  A bullfrog zombie (D:9)
  9 orc priests
  A bullfrog skeleton (D:8)
  12 orc wizards
  3 centaur skeletons
  11 worker ants
  10 iguanas
  3 hound skeletons
  3 worker ant zombies
  Robin (D:2)
  2 howler monkey zombies (D:5)
  5 river rats (D:10)
  9 adders
  4 gnolls (D:10)
  A white imp (D:7)
  An ooze (D:5)
  2 adder skeletons
  2 worms
  6 dart slugs
  2 leopard geckos
  49 orcs
  6 giant cockroaches
  24 goblins
  7 hobgoblins
  9 jackals
  8 kobolds
  A quokka (D:3)
  3 ball pythons
  19 bats
  2 frilled lizards
  2 goblin skeletons (D:8)
  2 goblin zombies (D:8)
  4 hobgoblin zombies (D:8)
  A jackal skeleton (D:4)
  An orc skeleton (D:8)
  2 orc zombies (D:8)
  2 quokka skeletons
  13 rats
  A plant (Lab)
466 creatures vanquished.

Vanquished Creatures (others)
  A water moccasin (D:6)
  3 slaves (D:6)
  An orc (D:7)
  A bat (D:3)
  7 fungi
13 creatures vanquished.

Grand Total: 479 creatures vanquished

Notes
Turn   | Place    | Note
-------+----------+-------------------------------------------
     0 | D:1      | Leibowitz the Demigod Gladiator began the quest for the Orb.
     0 | D:1      | Reached XP level 1. HP: 17/17 MP: 3/3
    87 | D:1      | Reached skill level 3 in Polearms
   111 | D:1      | Reached XP level 2. HP: 24/24 MP: 4/4
   700 | D:2      | Reached XP level 3. HP: 27/29 MP: 5/5
   903 | D:2      | Found a runed door.
   955 | D:2      | Noticed Robin
   976 | D:2      | Killed Robin
  1609 | D:2      | Noticed Crazy Yiuf
  1624 | D:2      | Killed Crazy Yiuf
  1624 | D:2      | Reached XP level 4. HP: 20/36 MP: 6/6
  2602 | D:3      | Noticed an ogre
  2613 | D:3      | Reached skill level 4 in Polearms
  2619 | D:3      | Killed an ogre
  2619 | D:3      | Reached skill level 1 in Armour
  2619 | D:3      | Reached XP level 5. HP: 42/42 MP: 7/7
  3244 | D:4      | Found Perchec's Food Shop.
  3412 | D:4      | Found Luce Toe's Serpentskin Sales.
  3412 | D:4      | Noticed a water moccasin
  3432 | D:4      | HP: 1/44 [water moccasin (3)]
  3440 | D:4      | Killed a water moccasin
  3440 | D:4      | Reached skill level 5 in Polearms
  3440 | D:4      | Reached XP level 6. HP: 8/51 MP: 8/8
  3974 | D:4      | Noticed Eustachio
  3990 | D:4      | Killed Eustachio
  3990 | D:4      | Reached skill level 6 in Polearms
  3990 | D:4      | Reached XP level 7. HP: 42/57 MP: 9/9
  4178 | D:4      | Found a shadowy altar of Dithmenos.
  4199 | D:4      | Noticed Sigmund
  4206 | D:4      | Killed Sigmund
  4206 | D:4      | Reached skill level 1 in Stealth
  4214 | D:5      | Entered Level 5 of the Dungeon
  4503 | D:5      | Reached skill level 7 in Polearms
  4610 | D:5      | Reached XP level 8. HP: 62/66 MP: 10/10
  5333 | D:6      | Found a staircase to the Ecumenical Temple.
  5434 | D:6      | Noticed TheSquall's ghost (novice MiBe)
  5729 | D:6      | Noticed Pikel
  5767 | D:6      | Killed Pikel
  5767 | D:6      | Reached skill level 8 in Polearms
  5767 | D:6      | Reached skill level 5 in Dodging
  6303 | D:7      | Found a flagged portal.
  6356 | D:7      | Reached skill level 5 in Fighting
  6518 | D:7      | Reached XP level 9. HP: 74/74 MP: 11/11
  6532 | D:7      | Found a deep blue altar of Sif Muna.
  6532 | D:7      | Found a glowing silver altar of Zin.
  6557 | D:7      | Got an ancient bardiche
  6558 | D:7      | Identified the +3 bardiche of Dividends {flame, MP+9 Str-3 Dex+6 SInv} (You found it on level 7 of the Dungeon)
  7010 | D:7      | Reached skill level 9 in Polearms
  7669 | D:8      | Noticed Erica
  7701 | D:8      | Killed Erica
  7701 | D:8      | Reached skill level 10 in Polearms
  8258 | D:8      | Reached XP level 10. HP: 17/84 MP: 13/13
  8805 | D:8      | Noticed a two-headed hydra
  8813 | D:8      | Killed a one-headed hydra
  8862 | D:8      | Found a glowing golden altar of the Shining One.
  9156 | D:9      | Learned a level 1 spell: Confusing Touch
  9206 | D:9      | Reached skill level 11 in Polearms
  9361 | D:9      | Found a runed door.
  9476 | D:9      | Found a shimmering altar of Xom.
  9486 | D:9      | Found a shimmering altar of Xom.
  9486 | D:9      | Found a shimmering altar of Xom.
  9487 | D:9      | Found a shimmering altar of Xom.
  9491 | D:9      | Found a shimmering altar of Xom.
  9756 | D:9      | Noticed a four-headed hydra
  9765 | D:9      | Killed a one-headed hydra
  9765 | D:9      | Reached skill level 1 in Hexes
  9950 | D:9      | Noticed a manticore
  9967 | D:9      | Killed a manticore
  9967 | D:9      | Reached skill level 1 in Spellcasting
 10279 | D:9      | Found a staircase to the Orcish Mines.
 10612 | D:10     | Entered Level 10 of the Dungeon
 10722 | D:10     | Noticed a hill giant
 11244 | D:10     | Reached XP level 11. HP: 76/92 MP: 16/16
 12751 | D:10     | Found a staircase to the Lair.
 12873 | D:10     | Killed a hill giant
 13030 | D:10     | Reached skill level 12 in Polearms
 13053 | D:10     | Got an ancient scale mail
 13066 | D:10     | Identified the +6 scale mail "Qiptommy" {Str+2 Int+5} (You found it on level 10 of the Dungeon)
 13186 | Lair:1   | Entered Level 1 of the Lair of Beasts
 15272 | Lair:2   | Found a labyrinth entrance.
 15306 | Lab      | Entered a labyrinth
 15919 | Lab      | Noticed a minotaur
 15971 | Lab      | Killed a minotaur
 15971 | Lab      | Reached skill level 5 in Armour
 15976 | Lab      | Got a bronze plate armour
 16220 | Lab      | Identified the Collected Works on Quantum Fascination
 16226 | Lab      | Got a translucent scale mail
 16228 | Lab      | Identified the +4 scale mail of Palar {Int+5 SInv} (You found it in a labyrinth)
 16229 | Lab      | Identified the +14 plate armour "Xyoc" {Slay+3} (You took it off a minotaur in a labyrinth)
 16354 | Lair:2   | Found a staircase to the Shoals.
 16680 | Lair:2   | Reached XP level 12. HP: 67/103 MP: 11/18
 16820 | Lair:2   | Found a snail-covered altar of Cheibriados.
 17887 | Lair:3   | Found a staircase to the Snake Pit.
 19368 | Lair:4   | Reached skill level 13 in Polearms
 19600 | Lair:4   | Identified Bygh's Compendium of Protection and Flight
 19898 | Lair:4   | Noticed an eight-headed hydra
 19916 | Lair:4   | Killed a one-headed hydra
 19916 | Lair:4   | Reached skill level 1 in Evocations
 20720 | Lair:1   | Reached skill level 10 in Fighting
 21103 | Orc:1    | Entered Level 1 of the Orcish Mines
 21523 | Orc:1    | Found Eduilu's Gadget Emporium.
 21583 | Orc:2    | Entered Level 2 of the Orcish Mines
 21590 | Orc:2    | Found a staircase to the Elven Halls.
 21613 | Orc:2    | Found a roughly hewn altar of Beogh.
 21734 | Orc:2    | Found a roughly hewn altar of Beogh.
 21734 | Orc:2    | Found Viliux's Distillery.
 21886 | Orc:1    | Noticed Snorg
 21903 | Orc:2    | Killed Snorg
 22351 | Orc:1    | Reached skill level 5 in Stealth
 22351 | Orc:1    | Mangled by an orc warrior

Skill      XL: |  1  2  3  4  5  6  7  8  9 10 11 12 |
---------------+-------------------------------------+-----
Polearms       | 3 4 5 6 7 8 10 11 12 13 | 13.3
Dodging        | 3 4 5 6 8 9 |  9.1
Fighting       | 2 3 5 6 7 8 10 | 10.2
Armour         | 1 2 3 5 6 |  6.8
Stealth        | 1 2 3 4 5 |  5.0
Throwing       | 2 |  2.0
Hexes          | 1 2 |  2.2
Spellcasting   | 1 2 |  2.1
Evocations     | 1 |  1.0

Action                   |  1- 3 |  4- 6 |  7- 9 | 10-12 || total
-------------------------+-------+-------+-------+-------++-------
Melee: Trident           |   107 |   184 |   549 |  1427 ||  2267
       Bardiche          |       |       |       |    30 ||    30
       Unarmed           |       |       |       |    17 ||    17
Throw: Throwing net      |     3 |     1 |       |     2 ||     6
       Javelin           |       |     1 |    10 |     4 ||    15
 Cast: Confusing Touch   |       |       |       |    10 ||    10
Evoke: Wand              |       |       |       |     8 ||     8
  Use: Potion            |       |     8 |     5 |     6 ||    19
       Scroll            |       |     4 |     7 |    14 ||    25
 Stab: Sleeping          |     1 |     1 |     7 |    12 ||    21
       Held in net/web   |       |     1 |       |     6 ||     7
       Confused          |       |       |       |     6 ||     6
       Distracted        |       |       |       |     4 ||     4
  Eat: Chunk             |     1 |     7 |    15 |    38 ||    61
       Pizza             |       |     1 |       |       ||     1
       Fruit             |       |       |       |     2 ||     2
       Bread ration      |       |       |       |     4 ||     4
       Beef jerky        |       |       |       |     2 ||     2
Armor: Leather armour    |    24 |    34 |   134 |   158 ||   350
       Skin              |       |    19 |       |       ||    19
       Scale mail        |       |       |       |   189 ||   189
Dodge: Dodged            |    63 |   109 |   350 |   986 ||  1508
